AoeStats
← Comend x comend

Arena

508152668Analyzed
4v4 RM · 11d ago on Sep 21, 2026· 52m 19s· 8 players
Game mode
Random Map
Map size
Large (8 player)
Population
200
Speed
Normal
Resources
Standard
Victory
Conquest
Starting age
Dark Age
Ending age
Imperial Age
RankedLock teamsTeams togetherTeam positionsShared explorationLock speedFull tech treeHidden civsTurbo modeCheats
Victory
Defeat
🇨🇳 Franks · China
1368
+13
🇵🇪 Turks · Peru
1334
+14
🇨🇦 Ethiopians · Canada
1296
+16
🇨🇱 Khmer · Chile
1271
+16
🇨🇴 Italians · Colombia
1346
-18
🇨🇦 Malians · Canada
1332
-16
🇨🇴 Mapuche · Colombia
1276
-14
🇲🇽 Gurjaras · Mexico
1200
-11
old man
10:20 Feudal Age
11:23 Loom
14:08 Castle Age
14:59 Double-Bit Axe
monje wololo
11:26 Feudal Age
14:27 Castle Age
12:17 Double-Bit Axe
12:14 Horse Collar
14:50 Gold Mining
14:52 Stone Mining
15:21 Bow Saw
15:12 Heavy Plow
19:07 Loom
26:45 Scale Barding Armor
27:56 Wheelbarrow
27:54 Town Watch
32:58 Imperial Age
33:23 Gold Shaft Mining
33:20 Forging
34:01 Conscription
34:40 Double Crossbow
35:42 Chain Barding Armor
35:24 Husbandry
35:35 Bloodlines
36:14 Hand Cart
36:48 Stone Shaft Mining
36:24 Light Cavalry
37:15 Town Patrol
38:43 Plate Barding Armor
39:56 Chemistry
40:12 Hussar
42:33 Elite Ballista Elephant
47:02 Ballistics
46:49 Siege Engineers
46:55 Masonry
47:23 Iron Casting
47:27 Hoardings
50:01 Crop Rotation
51:46 Blast Furnace
50:37 Fletching
Comend x comend
11:37 Feudal Age
12:51 Loom
23:37 Castle Age
28:06 Imperial Age
41:41 Double-Bit Axe
41:37 Horse Collar
42:30 Heavy Plow
42:43 Bow Saw
42:39 Gold Mining
46:39 Gold Shaft Mining
布吉岛
9:31 Feudal Age
13:23 Castle Age
12:20 Double-Bit Axe
14:48 Bow Saw
21:11 Wheelbarrow
23:58 Hand Cart
29:06 Imperial Age
26:45 Scale Barding Armor
26:50 Forging
26:52 Loom
26:53 Town Watch
27:42 Gold Mining
28:13 Chain Barding Armor
28:40 Husbandry
29:29 Iron Casting
29:29 Cavalier
31:16 Plate Barding Armor
31:42 Blast Furnace
31:34 Paladin
33:29 Gold Shaft Mining
34:09 Conscription
34:40 Coinage
40:28 Banking
45:18 Scale Mail Armor
46:36 Chain Mail Armor
49:09 Plate Mail Armor
AM | Popeyin
10:49 Feudal Age
12:20 Loom
15:13 Castle Age
34:30 Horse Collar
34:37 Double-Bit Axe
34:46 Gold Mining
38:08 Imperial Age
36:57 Wheelbarrow
37:48 Bow Saw
39:04 Gold Shaft Mining
38:22 Stone Mining
39:06 Kshatriyas
39:23 Conscription
40:43 Heavy Plow
41:21 Stone Shaft Mining
42:22 Frontier Guards
45:13 Hand Cart
AM | AndresBC
10:25 Feudal Age
13:31 Double-Bit Axe
16:29 Castle Age
14:35 Fletching
14:27 Horse Collar
17:16 Bodkin Arrow
19:22 Loom
23:44 Padded Archer Armor
25:35 Leather Archer Armor
29:33 Wheelbarrow
32:43 Imperial Age
31:02 Ballistics
33:46 Bow Saw
33:38 Heavy Plow
33:35 Elite Bolas Rider
34:26 Malon
34:48 Conscription
35:32 Ring Archer Armor
38:35 Murder Holes
39:50 Chemistry
38:51 Murder Holes
41:13 Coinage
41:44 Butalmapu
42:50 Forging
42:41 Scale Mail Armor
44:36 Elite Skirmisher
48:56 Hand Cart
50:37 Chain Mail Armor
50:10 Pikeman
AM | Rick2
7:05 Loom
8:55 Feudal Age
10:30 Fletching
14:38 Double-Bit Axe
24:17 Castle Age
22:29 Horse Collar
22:45 Gold Mining
25:36 Bow Saw
25:28 Heavy Plow
25:33 Bodkin Arrow
26:23 Guard Tower
32:37 Imperial Age
30:32 Padded Archer Armor
31:36 Ballistics
32:44 Leather Archer Armor
32:25 Stone Mining
33:52 Conscription
33:57 Bracer
34:37 Ring Archer Armor
36:19 Squires
36:04 Arson
42:40 Two-Man Saw
46:56 Thumb Ring
47:48 Wheelbarrow
48:53 Two-Man Saw
[GDL] RagnarokCo
9:59 Feudal Age
11:08 Double-Bit Axe
11:04 Horse Collar
12:24 Bloodlines
13:03 Loom
20:09 Forging
22:06 Scale Barding Armor
26:55 Castle Age
26:47 Gold Mining
27:53 Wheelbarrow
28:29 Chain Barding Armor
28:44 Iron Casting
27:31 Light Cavalry
28:40 Husbandry
35:52 Town Watch
36:20 Bow Saw
39:35 Imperial Age
37:28 Heavy Plow
38:04 Gold Shaft Mining
37:20 Stone Mining
38:05 Town Patrol
40:06 Hand Cart
41:10 Plate Barding Armor
40:39 Farimba
41:01 Conscription
41:45 Crop Rotation
42:01 Heavy Camel Rider
42:30 Onager
Connection lost

Rejoining the realm…

Still unreachable

The connection could not be restored.

Session expired

The server has moved on; the page needs a fresh start.